 Dungeon Crawl Stone Soup version 0.29.1-1-gd02db6906a (webtiles) character file.

Game seed: 6848896361307011000

46614 kadoom the Severer (level 14, -3/127 HPs)
             Began as a Minotaur Berserker on Sept 18, 2022.
             Was a High Priest of Trog.
             Shot with a bolt by a naga sharpshooter (21 damage)
             ... on level 1 of the Snake Pit on Sept 19, 2022.
             The game lasted 04:44:43 (21007 turns).

kadoom the Severer (Minotaur Berserker)            Turns: 21007, Time: 04:44:44

Health: -3/127     AC: 23    Str: 25    XL:     14   Next: 5%
Magic:  13/13      EV: 11    Int:  6    God:    Trog [*****.]
Gold:   730        SH:  0    Dex: 10    Spells: 13/13 levels left

rFire   . . .      SeeInvis .   a - +6 battleaxe (vorpal)
rCold   . . .      Faith    +   (shield currently unavailable)
rNeg    . . .      Spirit   .   t - +1 plate armour
rPois   +          Reflect  .   (helmet restricted)
rElec   .          Harm     .   L - scarf {repulsion}
rCorr   +          Rampage  .   s - +2 pair of gloves
Will    +++..                   r - +0 pair of boots {Fly}
Stlth   ..........              Y - amulet of faith
HPRegen 1.31/turn               W - ring of poison resistance
MPRegen 0.13/turn               V - ring of resist corrosion

@: strong-willed, on berserk cooldown, flying, regenerating, slowed, repel
missiles, very slow
A: horns 2, retaliatory headbutt
a: Renounce Religion, Berserk, Trog's Hand, Brothers in Arms


You were on level 1 of the Snake Pit.
You worshipped Trog.
Trog was extremely pleased with you.
You visited 7 branches of the dungeon, and saw 20 of its levels.

You collected 1832 gold pieces.
You spent 1102 gold pieces at shops.

Inventory:

Hand Weapons
 a - a +6 vorpal battleaxe (weapon)
 b - a +4 arbalest
 y - a +4 war axe
Missiles
 w - 6 throwing nets
 C - a curare-tipped dart
 K - 11 boomerangs (quivered)
Armour
 r - a +0 pair of boots of flying (worn)
 s - a +2 pair of gloves (worn)
 t - a +1 plate armour (worn)
 z - a +2 ring mail of poison resistance
 E - a +1 scale mail of cold resistance
 H - a +2 robe of positive energy
 L - a scarf of repulsion (worn)
 Q - an orb of light
 S - a +1 robe of fire resistance
Jewellery
 e - a ring of fire
 o - a ring of fire
 F - a +4 ring of protection
 V - a ring of resist corrosion (right hand)
 W - a ring of poison resistance (left hand)
 Y - an amulet of faith (around neck)
Wands
 i - a wand of polymorph (16)
 j - a wand of roots (3)
 u - a wand of mindburst (4)
 v - a wand of flame (55)
 B - a wand of quicksilver (8)
 N - a wand of charming (13)
Scrolls
 d - a scroll of fear
 f - 4 scrolls of teleportation
 q - a scroll of magic mapping
 D - 2 scrolls of blinking
 P - a scroll of fog
 X - a scroll of torment
 Z - 2 scrolls of identify
Potions
 g - 2 potions of might
 k - 2 potions of ambrosia
 l - 5 potions of curing
 n - 6 potions of mutation
 p - 2 potions of lignification
 x - 3 potions of magic
 A - 5 potions of heal wounds
 G - a potion of invisibility
 I - 2 potions of flight
 J - 3 potions of attraction
 M - a potion of berserk rage
 O - 3 potions of haste
 T - a potion of experience {unknown}
Miscellaneous
 R - a tin of tremorstones (2/2)


   Skills:
 + Level 12.6 Fighting
 - Level 17.4 Axes
 - Level 5.0 Ranged Weapons
 * Level 16.0 Armour
 * Level 11.3 Dodging


You had 13 spell levels left.
You didn't know any spells.
Your spell library was empty.

Dungeon Overview and Level Annotations

Branches:
Dungeon (11/15)            Temple (1/1) D:5            Lair (3/5) D:10
 Shoals (1/4) Lair:3        Snake (1/4) Lair:3          Orc (2/2) D:10
    Elf (1/3) Orc:2

Altars:
Ashenzari
Cheibriados
Dithmenos
Elyvilon
Fedhas
Gozag
Hepliaklqana
Kikubaaqudgha
Makhleb
Nemelex Xobeh
Okawaru
Qazlal
Ru
Sif Muna
Trog
Uskayaw
Vehumet
Wu Jian
Xom
Yredelemnul
Zin
The Shining One

Shops:
D:1 :   Orc:2 [:!=(

Portals:
Trove: D:11 (give 3 potions of resistance)

Annotations:
Shoals:1 Roxanne


Innate Abilities, Weirdness & Mutations

You have a pair of horns on your head.
You reflexively headbutt those who attack you in melee.


Message History

Trog accepts your kill.
You feel sick. The naga spits poison at you. The splash of poison misses you.
Your Armour skill increases to level 16!
You hit the naga sharpshooter.
The naga sharpshooter is lightly wounded.
You feel sick.
You closely miss the naga sharpshooter.
The naga sharpshooter is lightly wounded.
You are no longer berserk.
You are exhausted.
You feel yourself slow down.
You feel sick. The naga hits you but does no damage.
The naga sharpshooter shoots a bolt.
The bolt barely misses you.
You barely miss the naga sharpshooter. You headbutt the naga sharpshooter!
The naga sharpshooter is lightly wounded.
You feel sick. The naga barely misses you.
The naga sharpshooter shoots a bolt.
The bolt hits you! The bolt burns you.
You barely miss the naga sharpshooter. You headbutt the naga sharpshooter!
The naga sharpshooter is moderately wounded.
You feel sick. The naga completely misses you.
The naga sharpshooter shoots a bolt.
The bolt hits you.
* * * LOW HITPOINT WARNING * * *
The bolt burns you.
* * * LOW HITPOINT WARNING * * *
The naga sharpshooter attacks as you move away!
The naga sharpshooter unwields a +5 arbalest of flaming.
It stops flaming.
The naga sharpshooter wields a +0 halberd.
The naga sharpshooter hits you with a +0 halberd!
* * * LOW HITPOINT WARNING * * *
You feel sick.
You are no longer poisoned.
The naga spits poison at you.
The splash of poison is repelled.
The naga sharpshooter unwields a +0 halberd.
The naga sharpshooter wields a +5 arbalest of flaming.
It bursts into flame!
The naga sharpshooter shoots a bolt.
The bolt hits you!!
You die...

## .### ..#
#.# #.## #†@#
##)#####
#N)...#
##.N../..#
.........
.........#
.........#.
.........$..
..........$..


You could see a naga sharpshooter and a naga (catching breath).

Vanquished Creatures
  Harold (Lair:2)
  2 boulder beetles (Lair:1)
  A hydra (Lair:2)
  4 ogre magi (Orc:2)
  2 anacondas (Snake:1)
  5 two-headed ogres
  A naga warrior (Snake:1)
  A naga sharpshooter (Snake:1)
  A naga ritualist (Snake:1)
  Pikel (D:9)
  An ugly thing (D:11)
  6 orc sorcerers (Orc:2)
  A manticore (D:11)
  A cyclops (D:11)
  12 elephants
  A merfolk siren (Lair:3)
  7 black mambas
  A naga mage (Snake:1)
  A gargoyle (D:11)
  A cane toad (Lair:2)
  A torpor snail (Lair:1)
  A kobold demonologist (D:10)
  Maggie (D:7)
  An unseen horror (D:10)
  3 komodo dragons
  2 polar bears (Lair:3)
  A troll (D:10)
  The ghost of NineInchNils the Vexing, an amateur FoAM (D:3)
  7 dream sheep
  7 blink frogs
  2 shadows
  2 vampires
  41 yaks
  2 wyverns
  2 wraiths
  A basilisk (Lair:2)
  A vampire mosquito (D:11)
  2 steam dragons
  Grum (D:8)
  2 nagas (Snake:1)
  2 wargs
  Duvessa (D:7)
  11 water moccasins
  2 black bears
  9 orc warriors
  An ice beast (D:7)
  5 ogres
  35 wolves
  A centaur (D:5)
  2 kobold brigands
  A gnoll sergeant (D:11)
  7 scorpions
  18 bullfrogs
  A necrophage (D:7)
  A wyvern skeleton (D:3)
  Dowan (D:7)
  11 wights
  An electric eel (Lair:3)
  5 howler monkeys
  2 centaur zombies (D:3)
  5 hounds
  A jelly (D:6)
  2 gnoll boudas
  5 orc priests
  2 iguanas (D:5)
  27 orc wizards
  18 gnolls
  10 adders
  A river rat (D:5)
  A shadow imp (D:3)
  2 white imps (D:7)
  4 worms
  2 dart slugs
  50 orcs
  7 bats
  8 endoplasms
  5 giant cockroaches
  5 goblins
  11 hobgoblins
  5 quokkas
  6 ball pythons
  2 frilled lizards
  18 kobolds
  3 rats
  A bush (D:8)
450 creatures vanquished.

Vanquished Creatures (collateral kills)
  2 hydras
  A dream sheep (Lair:3)
3 creatures vanquished.

Vanquished Creatures (others)
  A yak (D:9)
  An orc wizard (Orc:2)
  6 fungi
  25 plants
33 creatures vanquished.

Grand Total: 486 creatures vanquished

Notes
Turn   | Place    | Note
-------+----------+-------------------------------------------
     0 | D:1      | kadoom the Minotaur Berserker began the quest for the Orb.
     0 | D:1      | Reached XP level 1. HP: 19/19 MP: 0/0
   162 | D:1      | Reached skill level 4 in Axes
   286 | D:1      | Reached XP level 2. HP: 26/26 MP: 1/1
   433 | D:1      | Reached skill level 5 in Axes
   776 | D:1      | Reached XP level 3. HP: 31/31 MP: 2/2
   783 | D:1      | Found Buock's Book Emporium.
  1139 | D:2      | Identified the +0 leather armour of Sunlight {-Cast Regen+
                  | Str+10 Int-4}
  1238 | D:2      | Lost intelligence.
  1374 | D:2      | Reached skill level 6 in Axes
  1374 | D:2      | Reached XP level 4. HP: 39/39 MP: 3/3
  1481 | D:2      | Reached ** piety under Trog
  2019 | D:3      | Found a transporter.
  2019 | D:3      | Found the +8 Wrath of Trog {antimagic, *Rage Rampage}
  2051 | D:3      | Noticed NineInchNils's ghost (amateur FoAM)
  2052 | D:3      | Found a transporter.
  2547 | D:4      | Reached skill level 7 in Axes
  2547 | D:4      | Reached XP level 5. HP: 44/45 MP: 4/4
  3196 | D:4      | Found a hide-covered altar of Uskayaw.
  3259 | D:4      | Reached skill level 8 in Axes
  3446 | D:5      | Entered Level 5 of the Dungeon
  3449 | D:5      | Noticed an ogre
  3450 | D:5      | Noticed a centaur
  3720 | D:5      | Reached XP level 6. HP: 45/51 MP: 5/5
  3957 | D:5      | Reached skill level 9 in Axes
  4134 | D:5      | Found a staircase to the Ecumenical Temple.
  4140 | Temple   | Entered the Ecumenical Temple
  4330 | D:5      | Reached XP level 7. HP: 46/57 MP: 6/6
  4350 | D:5      | Reached *** piety under Trog
  4354 | D:5      | Reached skill level 10 in Axes
  4813 | D:5      | Reached skill level 11 in Axes
  5463 | D:6      | Reached XP level 8. HP: 31/64 MP: 7/7
  5726 | D:6      | Found an opulent altar of Gozag.
  5745 | D:6      | Reached skill level 5 in Armour
  6305 | D:6      | Reached skill level 5 in Dodging
  6439 | D:7      | Reached XP level 9. HP: 44/70 MP: 8/8
  6903 | D:7      | Reached skill level 10 in Armour
  7416 | D:7      | Noticed Dowan
  7419 | D:7      | Noticed Duvessa
  7423 | D:7      | Killed Dowan
  7423 | D:7      | Killed Duvessa
  7864 | D:7      | Noticed Maggie
  7876 | D:7      | Killed Maggie
  8225 | D:3      | Killed NineInchNils's ghost
  8226 | D:3      | Reached XP level 10. HP: 77/77 MP: 9/9
  8280 | D:3      | Identified a scroll of acquirement
  8280 | D:3      | Acquired a +0 pair of boots of flying
  8517 | D:8      | Noticed a two-headed ogre
  8546 | D:8      | Killed a two-headed ogre
  8849 | D:8      | Reached skill level 10 in Dodging
  8985 | D:8      | Found a stormy altar of Qazlal.
  8985 | D:8      | Found a snail-covered altar of Cheibriados.
  8985 | D:8      | Found a bloodstained altar of Trog.
  9435 | D:9      | Found a basalt altar of Yredelemnul.
  9506 | D:9      | Reached skill level 12 in Axes
  9521 | D:9      | Noticed Pikel
  9541 | D:9      | Killed Pikel
  9542 | D:9      | Noticed a two-headed ogre
  9544 | D:9      | Noticed a two-headed ogre
  9545 | D:9      | Noticed Grum
  9985 | D:8      | Reached **** piety under Trog
  9986 | D:8      | Reached skill level 13 in Axes
 10010 | D:8      | Killed Grum
 10252 | D:9      | Killed a two-headed ogre
 10253 | D:9      | Reached XP level 11. HP: 57/82 MP: 10/10
 10378 | D:9      | Killed a two-headed ogre
 10766 | D:10     | Entered Level 10 of the Dungeon
 10866 | D:10     | Found a staircase to the Orcish Mines.
 10888 | Orc:1    | Entered Level 1 of the Orcish Mines
 10942 | Orc:2    | Entered Level 2 of the Orcish Mines
 10996 | Orc:2    | Found a staircase to the Elven Halls.
 11140 | D:10     | Found a staircase to the Lair.
 11147 | Lair:1   | Entered Level 1 of the Lair of Beasts
 11410 | D:10     | Noticed a two-headed ogre
 11421 | D:10     | Killed a two-headed ogre
 11422 | D:10     | Reached skill level 14 in Axes
 12404 | Lair:1   | Found an ornate altar of the Wu Jian Council.
 12405 | Lair:1   | Noticed a boulder beetle
 12414 | Lair:1   | Found a hide-covered altar of Uskayaw.
 12463 | Lair:1   | Killed a boulder beetle
 13488 | Lair:2   | Noticed a boulder beetle
 13507 | Lair:1   | Killed a boulder beetle
 13508 | Lair:1   | Reached skill level 15 in Axes
 13508 | Lair:1   | Reached skill level 15 in Armour
 13508 | Lair:1   | Reached XP level 12. HP: 39/90 MP: 11/11
 13977 | Lair:1   | Reached ***** piety under Trog
 14092 | Lair:1   | Reached skill level 5 in Fighting
 14784 | Lair:2   | Noticed a five-headed hydra
 15087 | Orc:2    | Reached skill level 16 in Axes
 15122 | Orc:2    | Noticed an ogre mage
 15209 | Orc:2    | Found Kuegiet's Jewellery Shop.
 15220 | Orc:2    | Paralysed by an ogre mage for 2 turns
 15223 | Orc:2    | Killed an ogre mage
 15310 | Orc:2    | Found a radiant altar of Vehumet.
 15312 | Orc:2    | Noticed an ogre mage
 15312 | Orc:2    | Noticed an ogre mage
 15319 | Orc:2    | Noticed an ogre mage
 15326 | Orc:2    | Killed an ogre mage
 15333 | Orc:2    | Killed an ogre mage
 15348 | Orc:2    | Killed an ogre mage
 15349 | Orc:2    | Reached skill level 10 in Fighting
 15647 | Orc:2    | Paralysed by an orc sorcerer for 5 turns
 15823 | Orc:2    | Found Pyjoi's Book Shop.
 15830 | Orc:2    | Found Ceajeq's Antique Armour Boutique.
 15864 | Orc:2    | Found an ancient bone altar of Kikubaaqudgha.
 15866 | Orc:2    | Found Nuugagat's Distillery.
 15872 | Orc:2    | Bought a potion of heal wounds for 55 gold pieces
 15872 | Orc:2    | Bought a potion of heal wounds for 55 gold pieces
 15872 | Orc:2    | Bought a potion of haste for 110 gold pieces
 15872 | Orc:2    | Bought 2 potions of curing for 66 gold pieces
 15872 | Orc:2    | Bought a potion of heal wounds for 55 gold pieces
 15872 | Orc:2    | Bought 2 potions of curing for 66 gold pieces
 15974 | Orc:2    | Found Kilioc's Antique Weapon Emporium.
 16322 | Orc:1    | Reached XP level 13. HP: 115/115 MP: 12/12
 16408 | Orc:1    | Received a gift from Trog
 16790 | Orc:2    | Bought a ring of resist corrosion for 280 gold pieces
 16790 | Orc:2    | Bought a ring of poison resistance for 280 gold pieces
 16836 | Orc:2    | Bought a cloak for 135 gold pieces
 16931 | Elf:1    | Entered Level 1 of the Elven Halls
 17358 | D:11     | Reached skill level 1 in Ranged Weapons
 17775 | D:11     | Found a portal to a secret trove of treasure.
 18113 | D:11     | Reached skill level 5 in Ranged Weapons
 18875 | Lair:2   | Reached skill level 17 in Axes
 19053 | Lair:2   | Noticed Harold
 19068 | Lair:2   | Killed Harold
 19720 | Lair:3   | Found a staircase to the Snake Pit.
 20875 | Lair:3   | Found a staircase to the Shoals.
 20894 | Shoals:1 | Entered Level 1 of the Shoals
 20894 | Shoals:1 | Noticed Roxanne
 20940 | Snake:1  | Entered Level 1 of the Snake Pit
 20956 | Snake:1  | Received a gift from Trog
 20995 | Snake:1  | Reached XP level 14. HP: 95/127 MP: 13/13
 21007 | Snake:1  | Shot with a bolt by a naga sharpshooter

Illustrated notes

Levels and vault maps discovered:
D:1:      dpeg_arrival_castle, layout_loops_ring, serial_shops,
          nicolae_square_shop, grunt_decor_cap
D:2:      layout_basic, minmay_pentomino_pile
D:3:      layout_rooms, gammafunk_ghost_mausoleum
D:4:      layout_rooms, overflow_temple_1_default
D:5:      layout_rooms, minmay_temple_entry_crystal_x, gup_sewer_entry_bowl
D:6:      layout_cave_pods, nicolae_gozag_seed_capital
D:7:      layout_gridville, minmay_increasing_density, uniq_duvessa, uniq_maggie
D:8:      layout_rooms, gammafunk_temple_overflow_forgotten
D:9:      layout_rooms, yredelemnul_altar_generic, uniq_pikel, uniq_grum
D:10:     layout_basic, grunt_lair_entry_orc_guard_hut, orc_0_dummy
D:11:     layout_cave_pools, nicolae_trove_entry_isolated,
          minmay_the_grid_square_5x5_3x3_mashed
          [minmay_the_grid_square_5x5_moneybag, minmay_the_grid_square_5x5_c,
          minmay_the_grid_square_5x5_two_walls_b,
          minmay_the_grid_square_5x5_misaligned,
          minmay_the_grid_square_5x5_megaprize_hollow,
          minmay_the_grid_square_5x5_plus, minmay_the_grid_square_5x5_trominoes,
          minmay_the_grid_square_5x5_sharp_hourglass,
          minmay_the_grid_square_5x5_minimal]
Temple:   compressed_dpeg_triangle_lava_temple
Lair:1:   layout_cave_pods, nzn_masters_of_martial_movement,
          serial_bayou_shore_a
Lair:2:   layout_gridlike, beast_lair_carwin_9, grunt_megastairs_2,
          lemuel_fruit_fields, uniq_harold
Lair:3:   layout_regular_city, elwin_shoals_entry_rooms,
          minmay_snake_entry_six_corridors, lemuel_fruit_fields
Shoals:1: nicolae_shoals_island_circles, layout_shoals, serial_shops,
          nicolae_shop_hallway_plus, nicolae_shop_overgrown_old_shop,
          nicolae_shop_temple_entry_statues_fountains, uniq_kirke, uniq_roxanne
Snake:1:  layout_rooms, serial_shops, nicolae_shop_advertising_works
          [nicolae_subvault_shop_adworks], nicolae_snake_double_loop,
          nicolae_snake_slithery_hallway
Orc:1:    layout_diamond_mine
Orc:2:    kennysheep_orc_mage_school, layout_diamond_mine, serial_shops,
          nicolae_shop_behind_doors
Elf:1:    minmay_elf_arrival_plus, layout_gridlike, minmay_elf_annihilation,
          minivault_19

Skill      XL: |  1  2  3  4  5  6  7  8  9 10 11 12 13 14 |
---------------+-------------------------------------------+-----
Axes           | 4 5 6 7 8 9 11 13 15 16 17 | 17.4
Armour         | 4 8 10 12 15 16 | 16.0
Dodging        | 5 8 10 11 | 11.3
Fighting       | 10 12 | 12.6
Ranged Weapons | 5 |  5.0

Action                   |  1- 3 |  4- 6 |  7- 9 | 10-12 | 13-15 || total
-------------------------+-------+-------+-------+-------+-------++-------
Melee: Hand axe          |    84 |   128 |   165 |     7 |       ||   384
       Headbutt          |     8 |    17 |    47 |    84 |    51 ||   207
       Punch             |     1 |     3 |       |       |       ||     4
       War axe           |       |       |    43 |   105 |     8 ||   156
       Battleaxe         |       |       |     2 |   407 |   249 ||   658
       Executioner's axe |       |       |       |       |    11 ||    11
 Fire: Arbalest          |       |       |       |       |    26 ||    26
Throw: Stone             |     7 |    21 |       |     4 |       ||    32
       Dart              |       |     6 |    18 |     6 |       ||    30
       Throwing net      |       |       |     1 |     2 |       ||     3
       Boomerang         |       |       |       |    61 |    11 ||    72
Invok: Berserk           |     1 |     1 |     8 |     6 |     3 ||    19
       Trog's Hand       |       |     1 |     2 |     2 |     1 ||     6
       Brothers in Arms  |       |       |       |       |     2 ||     2
Evoke: Wand              |       |       |     3 |    19 |       ||    22
  Use: Scroll            |     3 |     4 |     5 |    21 |     4 ||    37
       Potion            |       |       |     2 |     6 |     4 ||    12
Armor: Animal skin       |     2 |       |       |       |       ||     2
       Ring mail         |    25 |    24 |    16 |       |       ||    65
       Plate armour      |       |       |    18 |   352 |   200 ||   570
       Leather armour    |       |       |    12 |       |       ||    12
Dodge: Dodged            |    40 |    62 |   104 |   273 |   145 ||   624
       Repelled          |       |       |       |     2 |     4 ||     6
